 Dungeon Crawl Stone Soup version 0.28-a0-664-gc179e30c89 (webtiles) character file.

Game seed: 1697702411717114314

5962 Johnny the Fencer (level 11, 0/75 HPs)
             Began as a Human Berserker on Oct 15, 2021.
             Was an Elder of Trog.
             Succumbed to a killer bee's poison
             ... on level 9 of the Dungeon.
             The game lasted 00:08:36 (9759 turns).

Johnny the Fencer (Human Berserker)                 Turns: 9759, Time: 00:08:37

Health: 0/75       AC: 11    Str: 21    XL:     11   Next: 9%
Magic:  1/11       EV: 11    Int:  7    God:    Trog [****..]
Gold:   1232       SH:  0    Dex: 13    Spells: 10/10 levels left

rFire   . . .      SeeInvis +   B - +2 long sword (vorpal)
rCold   . . .      Faith    .   (no shield)
rNeg    . . .      Spirit   +   C - +1 swamp dragon scales
rPois   +          Reflect  .   d - +1 helmet
rElec   .          Harm     .   (no cloak)
rCorr   .          Rampage  .   (no gloves)
Will    .....                   t - +0 pair of boots
Stlth   +.........              y - amulet of guardian spirit
HPRegen 0.22/turn               l - ring of poison resistance
MPRegen 0.12/turn               u - ring of see invisible

@: lethally poisoned (0 -> -4), on berserk cooldown, slowed, very slow
A: no striking features
a: Renounce Religion, Berserk, Trog's Hand, Brothers in Arms


You were on level 9 of the Dungeon.
You worshipped Trog.
Trog was greatly pleased with you.
You visited 1 branch of the dungeon, and saw 9 of its levels.

You collected 1437 gold pieces.
You spent 205 gold pieces at shops.

Inventory:

Hand Weapons
 B - a +2 vorpal long sword (weapon)
Missiles
 m - 8 throwing nets (quivered)
Armour
 d - a +1 helmet (worn)
 t - a +0 pair of boots (worn)
 C - +1 swamp dragon scales (worn)
Jewellery
 a - a ring of flight
 l - a ring of poison resistance (left hand)
 s - a +6 ring of dexterity
 u - a ring of see invisible (right hand)
 y - an amulet of guardian spirit (around neck)
 z - a ring of positive energy
 D - a +6 ring of strength
Wands
 G - a wand of acid (8)
Scrolls
 e - a scroll of vulnerability
 f - 3 scrolls of enchant armour
 h - 2 scrolls of noise
 k - a scroll of summoning
 n - a scroll of fog
 p - 3 scrolls of enchant weapon
 q - 2 scrolls of fear
 x - a scroll of magic mapping
 A - 2 scrolls of teleportation
 H - a scroll of torment
Potions
 b - 2 potions of cancellation
 c - 2 potions of haste
 i - 3 potions of degeneration
 j - 3 potions of magic
 o - a potion of invisibility {unknown}
 r - a potion of heal wounds
 v - 4 potions of lignification
 w - 3 potions of curing
 E - a potion of flight {unknown}


   Skills:
 - Level 3.0 Fighting
 + Level 15.9 Long Blades
 - Level 2.0 Armour
 - Level 2.0 Dodging


You had 10 spell levels left.
You didn't know any spells.
Your spell library was empty.

Dungeon Overview and Level Annotations

Branches:
Dungeon (9/15)             Temple (0/1) D:6            Lair (0/6) D:9
    Orc: D:9-12

Altars:
Makhleb
Qazlal
Ru
Uskayaw
Vehumet
Yredelemnul
Zin

Shops:
D:6 *?*[   D:7 [([


Message History

Your skin stops crawling.
You feel less strong-willed. The killer bee stings you!
The killer bee barely misses you.
The killer bee stings you but does no damage.
The killer bee barely misses you.
You are too injured to fight recklessly!
You barely miss the killer bee. The killer bee closely misses you.
The killer bee stings you but does no damage. x2
The killer bee stings you.
You hit the killer bee.
The killer bee is lightly wounded.
The killer bee barely misses you. x2; The killer bee stings you.
The killer bee barely misses you. x2; The killer bee stings you.
The killer bee misses you.
You hit the killer bee.
The killer bee is moderately wounded.
The killer bee barely misses you. The killer bee stings you.
The killer bee misses you. x2
The killer bee stings you but does no damage.
The killer bee closely misses you. x2; The killer bee barely misses you.
The killer bee stings you but does no damage. x2
The killer bee closely misses you. The killer bee stings you.
* * * LOW HITPOINT WARNING * * *
The killer bee stings you.
* * * LOW HITPOINT WARNING * * *
You are poisoned.
The killer bee poisons you!
The killer bee stings you but does no damage.
The killer bee misses you.
The killer bee stings you but does no damage.
The killer bee stings you.
* * * LOW HITPOINT WARNING * * *
You feel very sick. The killer bee stings you!
* * * LOW HITPOINT WARNING * * *
The killer bee stings you but does no damage.
The killer bee misses you.
The killer bee stings you but does no damage.
The killer bee barely misses you. x3
The killer bee stings you but does no damage.
You die...

#.....# .P.P . #.....#
#.. .. #.....# ...#..
...#####.....# #...≈
#...........# ..####
#.....yy....# ######+#.
#.....yyy...# #........
#.#####.#...####........
#@#........(......
......).#...............
........#...............
........########........
.?......# #........
........# #........
........# ##........
#(....... ..........##
###########


You could see 5 killer bees.

Vanquished Creatures
  Erolcha (D:9)
  A centaur warrior (D:8)
  Maggie (D:7)
  3 yaks (D:7)
  Grum (D:7)
  A steam dragon (D:7)
  Duvessa (D:5)
  2 orc warriors
  3 black bears
  2 ogres
  A wolf (D:7)
  A phantom (D:6)
  3 centaurs
  A kobold brigand (D:5)
  3 gnoll sergeants (D:7)
  A bullfrog (D:8)
  3 scorpions
  Dowan (D:5)
  A water moccasin zombie (D:6)
  4 killer bees (D:9)
  3 howler monkeys (D:7)
  A bullfrog zombie (D:6)
  2 centaur zombies (D:7)
  11 hounds
  2 centaur skeletons (D:7)
  4 orc priests
  3 gnoll shamans (D:7)
  3 iguanas
  Natasha (twice) (D:2)
  3 orc wizards
  A howler monkey zombie (D:8)
  25 gnolls
  A howler monkey skeleton (D:4)
  6 adders
  3 white imps
  An ufetubus (D:4)
  A worm (D:3)
  19 orcs
  6 bats
  8 endoplasms
  4 giant cockroaches
  10 goblins
  6 hobgoblins
  11 jackals
  12 kobolds
  5 quokkas
  5 ball pythons
  6 frilled lizards
  9 rats
208 creatures vanquished.

Vanquished Creatures (collateral kills)
  2 yaks (D:7)
  An orc warrior (D:9)
  3 orcs (D:9)
6 creatures vanquished.

Vanquished Creatures (others)
  22 fungi
  12 plants
34 creatures vanquished.

Grand Total: 248 creatures vanquished

Notes
Turn   | Place    | Note
-------+----------+-------------------------------------------
     0 | D:1      | Johnny the Human Berserker began the quest for the Orb.
     0 | D:1      | Reached XP level 1. HP: 18/18 MP: 1/1
   186 | D:1      | Reached XP level 2. HP: 16/24 MP: 2/2
   700 | D:1      | Reached skill level 4 in Long Blades
   700 | D:1      | Reached XP level 3. HP: 17/29 MP: 3/3
  1237 | D:1      | Found a faded altar of an unknown god.
  1609 | D:1      | Reached ** piety under Trog
  2146 | D:2      | Found a burning altar of Makhleb.
  2259 | D:2      | Reached XP level 4. HP: 32/35 MP: 4/4
  2426 | D:2      | Noticed Natasha
  2439 | D:2      | Killed Natasha
  2440 | D:2      | Reached skill level 5 in Long Blades
  2617 | D:2      | Noticed Natasha
  2632 | D:2      | Killed Natasha
  2633 | D:2      | Reached XP level 5. HP: 41/41 MP: 5/5
  2978 | D:3      | Reached skill level 6 in Long Blades
  2983 | D:3      | Reached XP level 6. HP: 47/47 MP: 6/6
  3681 | D:4      | Reached skill level 7 in Long Blades
  3883 | D:4      | Reached *** piety under Trog
  4201 | D:4      | Reached XP level 7. HP: 31/52 MP: 7/7
  4851 | D:5      | Entered Level 5 of the Dungeon
  4969 | D:5      | Reached skill level 8 in Long Blades
  5276 | D:5      | Reached skill level 9 in Long Blades
  5276 | D:5      | Reached XP level 8. HP: 25/58 MP: 8/8
  5540 | D:5      | Noticed Duvessa
  5541 | D:5      | Noticed Dowan
  5554 | D:5      | Killed Duvessa
  5565 | D:5      | Killed Dowan
  5712 | D:5      | Found a radiant altar of Vehumet.
  5713 | D:5      | Found a sacrificial altar of Ru.
  5722 | D:5      | Found a stormy altar of Qazlal.
  5750 | D:5      | Found a hide-covered altar of Uskayaw.
  6129 | D:6      | Found Lidiydac's General Store.
  6136 | D:6      | Bought a scroll of identify for 20 gold pieces
  6136 | D:6      | Bought a scroll of identify for 20 gold pieces
  6163 | D:6      | Found Xeriogun's Armour Shop.
  6199 | D:6      | Reached skill level 10 in Long Blades
  6443 | D:6      | Found a staircase to the Ecumenical Temple.
  6534 | D:6      | Found Dubanubyn's Assorted Antiques.
  6542 | D:6      | Bought a scroll of identify for 48 gold pieces
  6707 | D:6      | Found Ytheqeil's Magic Scroll Shoppe.
  6738 | D:6      | Bought a scroll of identify for 26 gold pieces
  6738 | D:6      | Bought a scroll of teleportation for 39 gold pieces
  6738 | D:6      | Bought a scroll of identify for 26 gold pieces
  6738 | D:6      | Bought a scroll of identify for 26 gold pieces
  6863 | D:6      | Found a glowing silver altar of Zin.
  7287 | D:6      | Reached XP level 9. HP: 58/63 MP: 9/9
  7430 | D:7      | Found Zepp's Antique Armour Shoppe.
  7487 | D:7      | Reached skill level 11 in Long Blades
  7560 | D:7      | Reached **** piety under Trog
  7632 | D:7      | Noticed Maggie
  7658 | D:7      | Killed Maggie
  7659 | D:7      | Reached skill level 12 in Long Blades
  8037 | D:7      | Found Legux's Antique Weapon Boutique.
  8091 | D:7      | Reached skill level 13 in Long Blades
  8099 | D:7      | Reached XP level 10. HP: 31/70 MP: 4/10
  8172 | D:7      | Found Besis Luq's Armour Shoppe.
  8253 | D:7      | Noticed Grum
  8271 | D:7      | Killed Grum
  8272 | D:7      | Reached skill level 14 in Long Blades
  9212 | D:8      | Noticed a centaur warrior
  9228 | D:8      | Killed a centaur warrior
  9234 | D:8      | Reached skill level 15 in Long Blades
  9345 | D:8      | Noticed a skeletal warrior
  9345 | D:8      | Noticed a skeletal warrior
  9346 | D:8      | Noticed a skeletal warrior
  9346 | D:8      | Noticed a skeletal warrior
  9426 | D:9      | Found a basalt altar of Yredelemnul.
  9551 | D:9      | Identified a scroll of acquirement
  9552 | D:9      | Acquired 1070 gold pieces
  9685 | D:9      | Found a staircase to the Lair.
  9723 | D:9      | Noticed Erolcha
  9750 | D:9      | Killed Erolcha
  9751 | D:9      | Reached XP level 11. HP: 59/75 MP: 4/11
  9758 | D:9      | HP: 2/75 [killer bee (7)]
  9759 | D:9      | Succumbed to a killer bee's poison

Illustrated notes

Levels and vault maps discovered:
D:1:      dpeg_arrival_shrine, layout_basic,
          shapermc_ecumenical_altar_mp_urbaneastern, minmay_tetromino_o2
D:2:      layout_basic, basic_altar, uniq_natasha
D:3:      layout_loops_cross
D:4:      layout_cave_pods
D:5:      layout_rooms, lemuel_crystal_altar, grunt_temple_overflow_open,
          grunt_ministairs_1, lexackson_kobold_supper, uniq_duvessa
D:6:      layout_loops_ring, kennysheep_mini,
          minmay_temple_entry_statues_pillars, serial_shops,
          nicolae_diamond_shop, nicolae_shop_waterfront, nicolae_lakefront_shop,
          shop_fountains, corexii_hall_statues_x
D:7:      layout_cave_pools, serial_shops, shop, shop, shop, serial_gnoll_camp,
          gnoll_camp_mini_doghouse, gnoll_camp_mini_hut, gnoll_camp_medium_02,
          grums_kennel, gnoll_camp_huts_basic, uniq_maggie
D:8:      nzn_winding_woodlands_medium [nzn_winding_woodlands_5x5_three,
          nzn_winding_woodlands_5x15_longhouse, nzn_winding_woodlands_5x5_cross,
          nzn_winding_woodlands_5x5_checkerboard,
          nzn_winding_woodlands_center_triple_pond,
          nzn_winding_woodlands_5x5_closed_star,
          nzn_winding_woodlands_5x5_perimeter,
          nzn_winding_woodlands_5x15_sidewinder,
          nzn_winding_woodlands_5x5_open_star], layout_basic,
          grunt_ministairs_8, uniq_erica
D:9:      layout_basic, mainiacjoe_overflow_boulevard,
          mainiacjoe_overflow_cross_hatched, mainiacjoe_overflow_24_doors,
          dpeg_oklobed_lair, kennysheep_just_a_vault, uniq_erolcha

Skill      XL: |  1  2  3  4  5  6  7  8  9 10 |
---------------+-------------------------------+-----
Long Blades    | 4 5 6 7 9 10 13 15 | 15.9
Fighting       | |  3.0
Armour         | |  2.0
Dodging        | |  2.0

Action                   |  1- 3 |  4- 6 |  7- 9 | 10-12 || total
-------------------------+-------+-------+-------+-------++-------
Melee: Falchion          |   147 |   154 |   295 |       ||   596
       Long sword        |       |       |    57 |   189 ||   246
Throw: Throwing net      |       |       |     6 |       ||     6
Invok: Berserk           |     2 |     7 |     9 |     5 ||    23
       Trog's Hand       |       |     1 |     3 |     3 ||     7
       Brothers in Arms  |       |       |     1 |     1 ||     2
  Use: Scroll            |       |       |    15 |     5 ||    20
 Stab: Sleeping          |     2 |       |       |       ||     2
       Held in net/web   |       |       |     5 |       ||     5
Armor: Animal skin       |    48 |    10 |       |       ||    58
       Chain mail        |       |    45 |   191 |       ||   236
       Swamp dragon scal |       |       |    26 |    98 ||   124
Dodge: Dodged            |   112 |    62 |   154 |   122 ||   450

Table legend: (Time is in decaauts)
 A = Elapsed time spent in this place.
 B = Non-inter-level travel time spent in this place.
 C = Inter-level travel time spent in this place.
 D = Time resting spent in this place.
 E = Time spent auto-exploring this place.
 F = Levels seen in this place.
 G = Mean time per level.
                   A        B        C        D        E       F      G
               +--------+--------+--------+--------+--------+-----+--------+
         Total |   9842 |   9692 |    150 |   1622 |   6500 |   9 | 1093.6 |
       Dungeon |   9842 |   9692 |    150 |   1622 |   6500 |   9 | 1093.6 |
               +--------+--------+--------+--------+--------+-----+--------+

Top non-repeatable levels by time:
     D:1: 1901 daAuts
     D:7: 1714 daAuts
     D:6: 1418 daAuts
     D:4: 1289 daAuts
     D:5: 1171 daAuts
     D:2: 873 daAuts
     D:3: 867 daAuts
     D:9: 392 daAuts
     D:8: 213 daAuts
